 Dungeon Crawl Stone Soup version 0.29.1-1-gd02db6906a (webtiles) character file.

Game seed: 14875005735386948342

1189 Demigod47 the Cudgeller (level 8, -6/70 HPs)
             Began as a Minotaur Fighter on Oct 14, 2022.
             Was a Follower of Okawaru.
             Mangled by an ice beast (12 damage)
             ... on level 5 of the Dungeon.
             The game lasted 00:07:40 (5235 turns).

Demigod47 the Cudgeller (Minotaur Fighter)          Turns: 5235, Time: 00:07:41

Health: -6/70      AC: 12    Str: 22    XL:     8   Next: 19%
Magic:  7/7        EV:  8    Int:  3    God:    Okawaru [*.....]
Gold:   183        SH:  5    Dex: 11    Spells: 7/7 levels left

rFire   . . .      SeeInvis .   b - +4 war axe
rCold   . . .      Faith    .   c - +0 buckler
rNeg    . . .      Spirit   .   g - +0 chain mail
rPois   .          Reflect  .   (helmet restricted)
rElec   .          Harm     .   t - +1 cloak
rCorr   .          Rampage  .   (no gloves)
Will    .....                   (no boots)
Stlth   ..........              (no amulet)
HPRegen 0.21/turn               (no ring)
MPRegen 0.10/turn               (no ring)

@: no status effects
A: horns 2, retaliatory headbutt, camouflage 1, dopey 1
a: Renounce Religion, Heroism


You were on level 5 of the Dungeon.
You worshipped Okawaru.
Okawaru was aware of your devotion.
You visited 2 branches of the dungeon, and saw 6 of its levels.

You collected 183 gold pieces.

Inventory:

Hand Weapons
 a - a +0 flail
 b - a +4 war axe (weapon)
Armour
 c - a +0 buckler (worn)
 g - a +0 chain mail (worn)
 t - a +1 cloak (worn)
Jewellery
 f - a ring of resist corrosion
Scrolls
 e - a scroll of enchant weapon
 h - 6 scrolls of teleportation
 j - a scroll of summoning
 l - 2 scrolls of fear
 m - 2 scrolls of magic mapping
 n - 2 scrolls of identify
 o - a scroll of immolation
 p - a scroll of blinking {unknown}
Potions
 d - a potion of might
 i - a potion of berserk rage
 k - a potion of mutation
 r - 2 potions of lignification


   Skills:
 + Level 5.7 Fighting
 * Level 3.7(5.9) Axes
 - Level 7.1(7.5) Maces & Flails
 + Level 6.8 Armour
 + Level 2.1 Dodging
 + Level 1.0 Stealth
 + Level 5.0 Shields


You had 7 spell levels left.
You didn't know any spells.
Your spell library contained the following spells:

 Spells                   Type           Power      Damage    Failure   Level
 Inner Flame              Hex/Fire       0%         N/A       100%        3
 Cause Fear               Hex            0%         N/A       100%        4
 Discord                  Hex            0%         N/A       100%        8


Dungeon Overview and Level Annotations

Branches:
Dungeon (5/15)             Temple (1/1) D:5

Altars:
Elyvilon
Fedhas
Gozag
Nemelex Xobeh
Okawaru
Qazlal
Trog
Vehumet
Zin

Annotations:
D:5 2 runed translucent doors


Innate Abilities, Weirdness & Mutations

You have a pair of horns on your head.
You reflexively headbutt those who attack you in melee.
Your skin changes colour to match your surroundings (Stealth+).
You are dopey. (Int -2)


Message History

The ice beast hits you but does no damage.
The orc hits you from afar with a +2 trident of pain.
You hit the ice beast but do no damage. Your headbutt misses the ice beast.
The ice beast is heavily wounded.
The ice beast hits you but does no damage.
The orc barely misses you.
The orc hits you from afar with a +2 trident of pain.
The ice beast hits you but does no damage.
You closely miss the ice beast.
You headbutt the ice beast, but do no damage.
The ice beast is heavily wounded.
The ice beast barely misses you. You furiously retaliate!
You headbutt the ice beast. The orc hits you but does no damage.
You hit the ice beast but do no damage.
The ice beast is heavily wounded.
The orc hits you from afar with a +2 trident of pain!
The ice beast hits you but does no damage.
You closely miss the ice beast.
The ice beast is heavily wounded.
The ice beast hits you. The ice beast freezes you. The orc barely misses you.
You hit the ice beast.
The ice beast is severely wounded.
The ice beast hits you. The ice beast freezes you!
* * * LOW HITPOINT WARNING * * *
The orc hits you from afar with a +2 trident of pain.
* * * LOW HITPOINT WARNING * * *
The orc hits you but does no damage.
The ice beast hits you but does no damage.
It was a potion of mutation.
You feel extremely strange.
You feel stupid.
Your skin functions as natural camouflage.
The ice beast barely misses you. The orc hits you but does no damage.
You closely miss the ice beast.
The ice beast is severely wounded.
The orc hits you but does no damage.
You writhe in agony.
* * * LOW HITPOINT WARNING * * *
The ice beast hits you.
* * * LOW HITPOINT WARNING * * *
The ice beast freezes you!
You die...

..####....#.....#.# #.........#
.## #.##.......(.#####.......<##
.# #.........................# .#
#####.......#.####........# .##
#.#.#.#.#.............##
..########.#.....###...........##
.................# ###......####
..............##.# ##.........
#..######.######@######..........
##....# ### #Y#......#........
####### # #oo......###...... # #.
##....)).# ##..<.. # #..
#.......# #..... # +... #.......#
#..... # ### ....##......# #.....
###.# +..#..#.##...# . .#..#
#............#....


You could see an ice beast and 2 orcs.

Vanquished Creatures
  A water moccasin (D:5)
  A phantom (D:4)
  A scorpion (D:4)
  4 wights (D:5)
  5 killer bees (D:5)
  A hound (D:4)
  2 orc priests
  Crazy Yiuf (D:3)
  Terence (D:2)
  An iguana (D:4)
  Natasha (thrice) (D:2)
  2 orc wizards (D:4)
  4 gnolls (D:5)
  5 adders
  An ufetubus (D:5)
  A worm (D:2)
  2 dart slugs
  15 orcs
  8 bats
  13 endoplasms
  7 giant cockroaches
  7 goblins
  4 hobgoblins
  11 jackals
  8 kobolds
  10 quokkas
  4 ball pythons
  6 frilled lizards
  6 rats
135 creatures vanquished.

Vanquished Creatures (others)
  A fungus (D:1)
  2 plants (D:1)
3 creatures vanquished.

Grand Total: 138 creatures vanquished

Notes
Turn   | Place    | Note
-------+----------+-------------------------------------------
     0 | D:1      | Demigod47 the Minotaur Fighter began the quest for the Orb.
     0 | D:1      | Reached XP level 1. HP: 19/19 MP: 0/0
    72 | D:1      | Reached XP level 2. HP: 27/27 MP: 1/1
   304 | D:1      | Found a faded altar of an unknown god.
   964 | D:2      | Reached XP level 3. HP: 34/34 MP: 2/2
  1244 | D:2      | Noticed Natasha
  1253 | D:2      | Killed Natasha
  1254 | D:2      | Reached skill level 3 in Maces & Flails
  1254 | D:2      | Reached XP level 4. HP: 33/41 MP: 3/3
  1270 | D:2      | Noticed Natasha
  1276 | D:2      | Killed Natasha
  1695 | D:2      | Noticed Terence
  1709 | D:2      | Killed Terence
  1710 | D:2      | Reached skill level 4 in Maces & Flails
  1710 | D:2      | Reached XP level 5. HP: 19/47 MP: 4/4
  2039 | D:2      | You fall into a shaft and drop 2 floors!
  2217 | D:2      | Noticed Natasha
  2226 | D:2      | Killed Natasha
  2475 | D:2      | Reached skill level 5 in Armour
  2520 | D:2      | Reached skill level 5 in Maces & Flails
  2726 | D:3      | Found a glowing silver altar of Zin.
  2886 | D:3      | Found a runed translucent door.
  2887 | D:3      | Noticed Crazy Yiuf
  3396 | D:3      | Killed Crazy Yiuf
  3397 | D:3      | Reached XP level 6. HP: 46/53 MP: 5/5
  3485 | D:4      | Reached skill level 1 in Dodging
  3724 | D:4      | Reached skill level 6 in Maces & Flails
  3820 | D:4      | Reached skill level 5 in Fighting
  3954 | D:4      | Reached XP level 7. HP: 56/61 MP: 6/6
  4173 | D:5      | Entered Level 5 of the Dungeon
  4178 | D:5      | Found a staircase to the Ecumenical Temple.
  4204 | D:5      | Reached skill level 7 in Maces & Flails
  4228 | Temple   | Entered the Ecumenical Temple
  4469 | Temple   | Became a worshipper of Warmaster Okawaru
  4521 | D:5      | Reached skill level 1 in Axes
  4521 | D:5      | Reached skill level 1 in Stealth
  4531 | D:5      | HP: 4/91 [poisoned by a killer bee]
  4533 | D:5      | HP: 1/61 [poisoned by a killer bee]
  5091 | D:5      | Reached * piety under Okawaru
  5092 | D:5      | Reached skill level 5 in Shields
  5092 | D:5      | Reached XP level 8. HP: 68/70 MP: 7/7
  5202 | D:5      | Found a runed translucent gate.
  5202 | D:5      | Found a runed translucent gate.
  5234 | D:5      | Gained mutation: You are dopey. (Int -2) [potion of
                  | mutation]
  5234 | D:5      | Gained mutation: Your skin changes colour to match your
                  | surroundings (Stealth+). [potion of mutation]
  5235 | D:5      | Mangled by an ice beast

Illustrated notes

Levels and vault maps discovered:
D:1:      evilmike_arrival_plus, layout_loops_ring,
          dreamdust_ecumenical_altar_grove
D:2:      minmay_recursive_quarters, layout_loops_corners, uniq_natasha,
          uniq_terence
D:3:      layout_loops_cross, zin_scriptorium, st_stairs_7,
          uniq_crazy_yiuf_cottage
D:4:      minmay_chambers_of_twos, layout_rooms, portal_sewer_entry_f,
          minmay_cut_off, uniq_ijyb
D:5:      layout_rooms, minmay_temple_entry_slanted, gammafunk_ghost_cemetery,
          gup_ossuary_entry_pyramid
Temple:   nicolae_temple_figure_eight

Skill      XL: |  1  2  3  4  5  6  7 |
---------------+----------------------+-----
Fighting       | 4 5 |  5.7
Shields        | 4 5 |  5.0
Armour         | 4 5 6 |  6.8
Maces & Flails | 3 4 5 6 7 |  7.1
Dodging        | 1 2 |  2.1
Axes           | 3 |  3.7
Stealth        | 1 |  1.0

Action                   |  1- 3 |  4- 6 |  7- 9 || total
-------------------------+-------+-------+-------++-------
Melee: Flail             |    77 |   174 |    16 ||   267
       Headbutt          |    10 |    27 |    17 ||    54
       War axe           |       |       |    61 ||    61
  Use: Potion            |       |     4 |     7 ||    11
       Scroll            |       |     4 |     3 ||     7
 Stab: Invisible         |       |     1 |       ||     1
Armor: Scale mail        |    46 |    30 |       ||    76
       Chain mail        |       |    98 |    58 ||   156
Dodge: Dodged            |    45 |    77 |    57 ||   179
Block: Buckler           |    40 |    44 |    26 ||   110
